 Dungeon Crawl Stone Soup version 0.20-a0-472-g5c05303 (webtiles) character file.

244 TheGoonsmith the Conjurer (level 5, 0/57 HPs)
             Began as a Draconian Conjurer on Jan 14, 2017.
             Was a Follower of Vehumet.
             Slain by a big kobold zombie (3 damage)
             ... in an ossuary.
             The game lasted 00:09:48 (4009 turns).

TheGoonsmith the Conjurer (Draconian Conjurer)      Turns: 4009, Time: 00:09:50

Health: 0/57       AC:  6    Str: 15    XL:     5   Next: 83%
Magic:  1/11       EV: 12    Int: 16    God:    Vehumet [*.....]
Gold:   97         SH:  0    Dex: 12    Spells: 9/12 levels left

rFire  . . .     SeeInvis .     u - +1 short sword (drain)
rCold  . . .     Gourm    +     (armour unavailable)
rNeg   . . .     Faith    .     (no shield)
rPois  .         Spirit   .     (helmet restricted)
rElec  .         Reflect  .     (no cloak)
rCorr  .         Harm     .     (no gloves)
MR     .....                    w - +0 pair of boots
Stlth  ..........               m - amulet of the gourmand
                                (no ring)
                                (no ring)

@: berserking (expiring), very quick
A: unfitting armour, cold-blooded, AC +5
a: Renounce Religion


You were in an ossuary.
You worshipped Vehumet.
Vehumet was aware of your devotion.
You were not hungry.

You visited 2 branches of the dungeon, and saw 5 of its levels.
You also visited: Ossuary.

You collected 97 gold pieces.

Inventory:

Hand Weapons
 d - a +0 club
 q - a +0 whip of flaming
 u - a +1 short sword of draining (weapon)
Armour
 w - a +0 pair of boots (worn)
Jewellery
 m - an amulet of the gourmand (around neck)
Scrolls
 g - a scroll of teleportation
 v - a scroll of immolation
Potions
 c - 3 potions of curing
 h - a potion of might {unknown}
 k - a potion of magic {unknown}
 l - a potion of resistance {unknown}
 n - a potion of heal wounds
 o - a potion of ambrosia
Books
 a - a book of Conjurations

   Spells                             Type                      Level
   a - Magic Dart                     Conjuration                  1
   b - Searing Ray                    Conjuration                  2
   c - Dazzling Spray                 Conjuration/Hexes            3
   d - Fulminant Prism                Conjuration/Hexes            4
   e - Iskenderun's Mystic Blast      Conjuration                  4
   f - Iskenderun's Battlesphere      Conjuration/Charms           5
Comestibles
 b - 3 bread rations
 s - 2 fruits


   Skills:
 + Level 0.0 Fighting
 - Level 1.7 Dodging
 - Level 1.7 Stealth
 - Level 4.0 Spellcasting
 - Level 6.0 Conjurations


You had 9 spell levels left.
You knew the following spells:

 Your Spells              Type           Power        Failure   Level  Hunger
a - Magic Dart            Conj           ###.         1%          1    None
b - Searing Ray           Conj           ###...       1%          2    ##.....


Dungeon Overview and Level Annotations

Branches:
Dungeon (4/15)             Temple (1/1) D:4

Altars:
Makhleb
Nemelex Xobeh
Ru
Trog
Uskayaw
Vehumet
Xom
Zin

Annotations:
D:4 Pikel


Innate Abilities, Weirdness & Mutations

Your plain brown scales are hard. (AC +5)
You cannot fit into any form of body armour.
You are cold-blooded and may be slowed by cold attacks.


Message History

The human zombie is heavily damaged.
The orc zombie misses you. The human zombie barely misses you.
The big kobold zombie hits you but does no damage.
You completely miss the big kobold zombie.
You puncture the big kobold zombie! You tail-slap the big kobold zombie!
The big kobold zombie is heavily damaged.
The orc zombie hits you.
* * * LOW HITPOINT WARNING * * *
The human zombie closely misses you.
The big kobold zombie hits you but does no damage.
You puncture the big kobold zombie!
The big kobold zombie is severely damaged.
You puncture the big kobold zombie!
The big kobold zombie is almost destroyed.
The orc zombie hits you.
* * * LOW HITPOINT WARNING * * *
The human zombie hits you.
* * * LOW HITPOINT WARNING * * *
The big kobold zombie hits you.
You die...

#...# #... #...# #...#
#.... #Z..# #...#
#...# #...# #...#
#...# #...# #...#
#...#
#...##############...#
#..........Z.........#
#........Z@Z.........#
######################


You could see a big kobold zombie, an orc zombie and a human zombie.

Vanquished Creatures
  A centaur zombie (Ossuary)
  A bullfrog skeleton (D:4)
  A hound skeleton (D:3)
  A mummy (D:4)
  4 adders
  2 adder zombies (Ossuary)
  5 worms
  2 dart slugs
  3 leopard geckos
  2 orcs
  7 giant cockroaches
  12 goblins
  9 hobgoblins
  4 jackals
  3 kobolds
  A quokka (D:3)
  2 ball pythons
  7 bats
  3 frilled lizards
  9 hobgoblin zombies (Ossuary)
  8 kobold zombies (Ossuary)
  5 orc zombies (Ossuary)
  A quokka skeleton (D:4)
  10 rats
103 creatures vanquished.

Notes
Turn   | Place    | Note
-------+----------+-------------------------------------------
     0 | D:1      | TheGoonsmith the Draconian Conjurer began the quest for the Orb.
     0 | D:1      | Reached XP level 1. HP: 14/14 MP: 3/3
   283 | D:1      | Reached XP level 2. HP: 19/20 MP: 1/5
   738 | D:1      | Reached skill level 5 in Conjurations
   740 | D:1      | Reached XP level 3. HP: 26/26 MP: 3/6
  1270 | D:2      | Learned a level 2 spell: Searing Ray
  1637 | D:2      | Reached XP level 4. HP: 33/33 MP: 1/7
  2421 | D:2      | Reached skill level 6 in Conjurations
  2605 | D:3      | Found a bloodstained altar of Trog.
  2606 | D:3      | Found a sparkling altar of Nemelex Xobeh.
  2606 | D:3      | Found a glowing silver altar of Zin.
  2607 | D:3      | Found a shimmering altar of Xom.
  3126 | D:4      | Found a staircase to the Ecumenical Temple.
  3151 | Temple   | Entered the Ecumenical Temple
  3171 | Temple   | Became a worshipper of Vehumet
  3222 | D:4      | Reached XP level 5. HP: 38/38 MP: 4/9
  3361 | D:4      | Found a sand-covered staircase.
  3369 | D:4      | Noticed a slave
  3370 | D:4      | Noticed Pikel
  3370 | D:4      | Noticed a slave
  3372 | Ossuary  | Entered an ossuary
  3986 | Ossuary  | Reached * piety under Vehumet
  3986 | Ossuary  | Offered knowledge of Sandblast by Vehumet.
  4009 | Ossuary  | Slain by a big kobold zombie

Vault maps used:
D:1:      grunt_arrival_lava_bath
D:2:      kennysheep_big_flooded_room
D:3:      chequers_temple_overflow_statue_of_worship
D:4:      first_bread, serial_shops, nicolae_shop_trees,
          nicolae_ossuary_entry_giza, grunt_gozag_breadcrumbs, uniq_pikel,
          uniq_sigmund
Temple:   minmay_crystal_spiral_temple
Ossuary:  ossuary_tomb_1

Skill      XL: |  1  2  3  4  5 |
---------------+----------------+-----
Conjurations   | 5 6 |  6.0
Spellcasting   | 4 |  4.0
Dodging        | |  1.7
Stealth        | |  1.7

Action                   |  1- 3 |  4- 6 || total
-------------------------+-------+-------++-------
Melee: Club              |    14 |    23 ||    37
       Tailslap          |     1 |    11 ||    12
       Short sword       |       |    55 ||    55
       Whip              |       |     1 ||     1
 Cast: Magic Dart        |    99 |   126 ||   225
       Searing Ray       |     2 |     9 ||    11
  Use: Scroll            |       |     7 ||     7
       Potion            |       |     3 ||     3
  Eat: Chunk             |     4 |     6 ||    10
       Meat ration       |       |     1 ||     1
Armor: Skin              |    14 |    35 ||    49
Dodge: Dodged            |    26 |   103 ||   129
